[Event "Srdja Dragasevic Memorial-A 2024"]
[Site "Cetinje"]
[Date "2024.06.26"]
[Round "6.1"]
[White "Mammadova, Narmin"]
[Black "Petrov, Nikita"]
[Result "1/2-1/2"]
[ECO "A21"]
[WhiteElo "2277"]
[BlackElo "2566"]
[Annotator "TA"]
[PlyCount "50"]
[EventDate "2024.06.23"]
[EventType "swiss"]
[EventCountry "MNE"]
[SourceTitle "playchess.com"]
[Source "ChessBase"]
[SourceQuality "1"]
[TimeControl "40/5400+30:1800+30"]

1. c4 e5 2. Nc3 Bb4 3. Qc2 Nf6 4. Nf3 Qe7 5. e3 O-O 6. a3 Bxc3 7. Qxc3 e4 8. Nd4 d6 9. b4 c5 10. bxc5 dxc5 11. Ne2 Nc6 12. Bb2 Re8 13. Nf4 Ne5 14. h3 b6 15. Be2 Bb7 16. O-O-O (16. O-O $11) 16... a6 (16... Bc6 {simplifies} 17. Qxe5 Qxe5 18. Bxe5 Rxe5 19. h4 Ree8) 17. d4 (17. Qxe5 $11 {remains equal.} Qxe5 18. Bxe5 Rxe5 19. h4) 17... cxd4 (17... exd3 $17 18. Bxd3 Qc7 (18... Nxd3+ 19. Rxd3 b5 20. Rhd1 $11)) 18. Qxd4 $11 Nfd7 (18... Bc6 {simplifies} 19. Qxe5 Qxe5 20. Bxe5 Rxe5 21. Rd4 Kf8) 19. Kb1 Nc5 20. Qd6 (20. Qxe5 {simplifies} Qxe5 21. Bxe5 Rxe5 22. Rd6) 20... Ned3 {[%emt 0:03:05] Excellent horsemanship. The position is equal.} 21. Qxe7 Rxe7 22. Bxd3 Nxd3 23. Nxd3 exd3 24. Bd4 Rc7 (24... Bxg2 $5 25. Rhg1 $8 Be4 $14) 25. f3 Rxc4 {[%emt 0:02:44] Weighted Error Value: White=0.17 (very precise) /Black=0.17 (very precise) .  Mistake:       	White=2     	Black=1      Inaccurate:     	White=1     	Black=2      OK:         	White=10    	Black=5} 1/2-1/2

[Event "Srdja Dragasevic Memorial-A 2024"]
[Site "Cetinje"]
[Date "2024.06.26"]
[Round "6.2"]
[White "Milanovic, Danilo"]
[Black "Saraci, Nderim"]
[Result "1/2-1/2"]
[ECO "E81"]
[WhiteElo "2438"]
[BlackElo "2449"]
[Annotator "TA"]
[PlyCount "93"]
[EventDate "2024.06.23"]
[EventType "swiss"]
[EventCountry "MNE"]
[SourceTitle "playchess.com"]
[Source "ChessBase"]
[SourceQuality "1"]
[TimeControl "40/5400+30:1800+30"]

1. d4 Nf6 2. c4 g6 3. Nc3 Bg7 4. e4 d6 5. f3 O-O 6. Bg5 Nc6 7. d5 (7. Qd2 $14) 7... Ne5 $11 8. f4 Neg4 ({Black should try} 8... Ned7 $11) 9. Qf3 c6 {[%emt 0:05:18] Hoping for ...Qb6.} 10. h3 Qb6 11. hxg4 $16 Qxb2 (11... Nxg4 $16 12. Nge2 (12. Bxe7 $2 Qxb2 13. Nge2 Qxa1+ $19) 12... f5) 12. Rb1 $18 Qa3 (12... Qc2 $142) 13. Bxf6 Bxf6 14. Rb3 Qc1+ 15. Nd1 cxd5 16. cxd5 (16. exd5 $6 b5 17. Bd3 (17. cxb5 Qc5 $18) (17. Rxb5 Bd7 $16) (17. Qe3 Qa1 $18) 17... Qa1 $18) 16... Bd7 17. g5 (17. Rxb7 Ba4 $16) 17... Bg7 18. Bb5 ({Not} 18. Rxb7 Ba4 $16) 18... Bxb5 19. Rxb5 Rfc8 20. Ne2 ({Weaker is} 20. Rxb7 Rc2 21. Rb3 (21. Rxe7 $2 {is the wrong capture.} Qd2+ 22. Kf1 Rc1 $19) 21... Rxa2 $16) 20... Qc4 21. Rxb7 Qxa2 22. Rxe7 Rab8 23. f5 {[%emt 0:00:35] fxg6 would kill now.} Rb3 {[%emt 0:01:40] [#]} 24. Rxa7 $2 Qc2 25. Qf2 Rb1 {[%emt 0:02:00][%csl Gc2][%cal Rb1d1] [#]} 26. O-O $1 {[%emt 0:00:12][%cal Of5g6] Strongly threatening fxg6!} Rxd1 27. fxg6 Rxf1+ 28. Qxf1 Qc5+ 29. Qf2 hxg6 30. Qxc5 (30. Rxf7 {is interesting.} Qb4 31. Re7 Qb1+ 32. Kh2) 30... Rxc5 $11 {[%emt 0:00:04][%mdl 4096] Endgame. KRB-KRN} 31. Kf2 Rb5 32. Ra3 Be5 33. Kf3 Rb1 34. g3 Kf8 35. Rd3 Ke7 36. Nd4 Bxd4 37. Rxd4 $14 {[%emt 0:00:00] KR-KR} Rf1+ 38. Ke2 Rh1 39. Kf3 Rf1+ 40. Kg2 Re1 41. Ra4 Kd7 42. Kf2 Rh1 43. Ra7+ Ke8 44. Ke3 Rg1 45. Kf2 Rh1 46. Ra3 ({White should play} 46. Kf3 $14) 46... Rh5 $1 $11 47. Ra8+ {[%emt 0:01:22] White really could win this.   Weighted Error Value: White=0.27 (precise) /Black=0.22 (precise) .  Missed win:     	White=1     	---        Mistake:       	White=1     	Black=4      Inaccurate:     	---       	Black=1      OK:         	White=13    	Black=15     Best:        	White=5     	Black=6      Strong:       	White=1     	Black=1} 1/2-1/2

[Event "Srdja Dragasevic Memorial-A 2024"]
[Site "Cetinje"]
[Date "2024.06.26"]
[Round "6.3"]
[White "Karthik Venkataraman"]
[Black "Djukic, Nikola"]
[Result "1/2-1/2"]
[ECO "B36"]
[WhiteElo "2590"]
[BlackElo "2532"]
[Annotator "TA"]
[PlyCount "52"]
[EventDate "2024.06.23"]
[EventType "swiss"]
[EventCountry "MNE"]
[SourceTitle "playchess.com"]
[Source "ChessBase"]
[SourceQuality "1"]
[TimeControl "40/5400+30:1800+30"]

1. e4 c5 2. Nf3 Nc6 3. d4 cxd4 4. Nxd4 g6 5. c4 Nf6 6. Nc3 d6 7. Be2 Nxd4 8. Qxd4 Bg7 9. Be3 O-O 10. Qd3 Bd7 11. O-O a5 12. Bd4 a4 {[%emt 0:04:15] White is slightly better.} 13. f4 {[%emt 0:00:50] White is more active.} Bc6 14. b4 {[%emt 0:03:53] Black must now prevent Qe3.} axb3 15. axb3 Rxa1 16. Rxa1 e5 17. fxe5 dxe5 18. Bxe5 Qxd3 19. Bxd3 Re8 20. Bd4 (20. Bxf6 $1 $11 Bxf6 21. Rc1) 20... Rd8 $1 $15 21. Nd5 Nxd5 22. Bxg7 Nc7 23. Be5 Rxd3 24. Bxc7 Bxe4 ({Resist} 24... Rxb3 25. Be5 Kf8 26. Rd1 $17) 25. Ra8+ Kg7 26. Rd8 Rxd8 {[%emt 0:04:22] Weighted Error Value: White=0.15 (very precise) /Black=0.07 (flawless) .  Mistake:       	White=1     	Black=1      Inaccurate:     	White=2     	Black=3      OK:         	White=4     	Black=8      Best:        	---       	Black=2      Strong:       	---       	Black=1} (26... Rxb3 $15 {feels stronger.} 27. Be5+ Kh6) 1/2-1/2

[Event "Srdja Dragasevic Memorial-A 2024"]
[Site "Cetinje"]
[Date "2024.06.26"]
[Round "6.4"]
[White "Tadic, Stefan"]
[Black "Pecurica, Milos"]
[Result "1/2-1/2"]
[ECO "D02"]
[WhiteElo "2421"]
[BlackElo "2338"]
[Annotator "RC"]
[PlyCount "133"]
[EventDate "2024.06.23"]
[EventType "swiss"]
[EventCountry "MNE"]
[SourceTitle "playchess.com"]
[Source "ChessBase"]
[SourceQuality "1"]
[TimeControl "40/5400+30:1800+30"]

1. Nf3 Nf6 2. d4 d5 3. Bf4 c5 4. e3 Nc6 5. Nbd2 cxd4 6. exd4 Bf5 7. Bb5 a6 8. Bxc6+ bxc6 9. O-O e6 10. Nb3 Bg4 11. Qd3 Bxf3 12. Qxf3 Bd6 13. Rfc1 Bxf4 14. Qxf4 O-O 15. c4 Qb8 16. Qxb8 Rfxb8 17. cxd5 cxd5 18. Rc6 a5 19. Rac1 g5 20. R6c2 Rb4 21. Rd1 Rab8 22. f3 a4 23. Nc5 Rxb2 24. Rxb2 Rxb2 25. a3 g4 26. Ra1 gxf3 27. gxf3 Nh5 28. Nxa4 Rc2 29. Nc5 Nf4 30. Nb3 Rb2 31. Nc1 Rd2 32. Nb3 Rd3 33. Nc5 Rxd4 34. a4 Rc4 35. Nb3 Rb4 36. Nc5 Rc4 37. Nb3 Ne2+ 38. Kf2 Nc3 39. a5 Nb5 40. a6 Na7 41. Nc1 Kf8 42. Nd3 Ke7 43. Rb1 Rc7 44. Rb7 Rxb7 45. axb7 Nc6 46. f4 Nb8 47. Ke3 f6 48. Kd4 Kd6 49. Nb4 f5 50. h4 h5 51. Nd3 Nd7 52. Ne5 Nb8 53. Nd3 Nc6+ 54. Ke3 d4+ 55. Ke2 Nb8 56. Ne5 Kc7 57. Nf3 Nc6 58. Ng5 e5 59. fxe5 Kxb7 60. Ne6 Nxe5 61. Nxd4 f4 62. Ne6 Ng6 63. Ng7 f3+ 64. Kxf3 Nxh4+ 65. Kg3 Nf5+ 66. Nxf5 h4+ 67. Kxh4 1/2-1/2

[Event "Srdja Dragasevic Memorial-A 2024"]
[Site "Cetinje"]
[Date "2024.06.26"]
[Round "6.5"]
[White "Yaksin, Oleg"]
[Black "Kalezic, Blazo"]
[Result "1/2-1/2"]
[ECO "A07"]
[WhiteElo "2389"]
[BlackElo "2398"]
[Annotator "RC"]
[PlyCount "34"]
[EventDate "2024.06.23"]
[EventType "swiss"]
[EventCountry "MNE"]
[SourceTitle "playchess.com"]
[Source "ChessBase"]
[SourceQuality "1"]
[TimeControl "40/5400+30:1800+30"]

1. Nf3 d5 2. g3 Bg4 3. Bg2 Nd7 4. c4 e6 5. cxd5 exd5 6. O-O Ngf6 7. h3 Bxf3 8. exf3 Be7 9. f4 O-O 10. d3 c6 11. Nd2 a5 12. Nf3 a4 13. Rb1 Ne8 14. Bd2 Nd6 15. Re1 Nb5 16. d4 Nb6 17. Bf1 Nc4 1/2-1/2

[Event "Srdja Dragasevic Memorial-A 2024"]
[Site "Cetinje"]
[Date "2024.06.26"]
[Round "6.6"]
[White "Xie, Bryan"]
[Black "Sukovic, Andrej"]
[Result "1/2-1/2"]
[ECO "C02"]
[WhiteElo "2281"]
[BlackElo "2350"]
[Annotator "RC"]
[PlyCount "197"]
[EventDate "2024.06.23"]
[EventType "swiss"]
[EventCountry "MNE"]
[SourceTitle "playchess.com"]
[Source "ChessBase"]
[SourceQuality "1"]
[TimeControl "40/5400+30:1800+30"]

1. e4 e6 2. d4 d5 3. e5 c5 4. c3 Nc6 5. Nf3 Nge7 6. Be2 Nf5 7. dxc5 Bxc5 8. O-O Nh4 9. Nbd2 Ng6 10. Nb3 Bb6 11. Bg5 Qc7 12. Bd3 Ncxe5 13. Nxe5 Qxe5 14. Qh5 O-O 15. Rae1 Qc7 16. Nd4 e5 17. Nf5 f6 18. Bd2 e4 19. Bc2 Qe5 20. Ng3 Qxh5 21. Nxh5 Be6 22. c4 f5 23. cxd5 Bxd5 24. Bc3 Rf7 25. Rd1 Bxa2 26. Rd6 Bc7 27. Rd2 Be6 28. Rfd1 Be5 29. Bb4 h6 30. Ba4 Nf4 31. Ng3 Nd3 32. Ba3 a6 33. f3 Bd4+ 34. Kf1 Bc4 35. b3 Bb5 36. Ne2 Be3 37. Rc2 Nf4 38. Bxb5 axb5 39. Bc5 Bxc5 40. Nxf4 Bf8 41. Rd5 exf3 42. gxf3 b4 43. Ng6 Re8 44. Kf2 Kh7 45. Nxf8+ Rexf8 46. Rb5 Rd8 47. Rxb4 f4 48. h4 Rd5 49. Rcc4 Rd2+ 50. Ke1 Rb2 51. Rxf4 Rxf4 52. Rxf4 Rxb3 53. Kf2 Kg6 54. Rg4+ Kf7 55. Rf4+ Kg8 56. Rd4 Rb2+ 57. Kg3 Rb6 58. Rd7 Rg6+ 59. Kh3 b6 60. Rb7 Kf8 61. f4 h5 62. f5 Rf6 63. Kg3 Ke8 64. Kf4 g6 65. Ke5 Rxf5+ 66. Ke6 Kf8 67. Rxb6 Kg7 68. Rb4 Kh6 69. Rb1 Rf4 70. Rh1 g5 71. Ke5 Kg6 72. hxg5 Rg4 73. Rb1 Kxg5 74. Rb8 Ra4 75. Rg8+ Kh4 76. Rg1 Rg4 77. Rh1+ Kg5 78. Rf1 Rg3 79. Ke4 h4 80. Rf8 Kg4 81. Rg8+ Kh3 82. Rh8 Rg7 83. Kf4 Rg1 84. Rh7 Rg8 85. Kf3 Rf8+ 86. Ke2 Kg3 87. Rg7+ Kh2 88. Rh7 h3 89. Rg7 Kh1 90. Rh7 h2 91. Rg7 Ra8 92. Kf2 Ra2+ 93. Kf1 Ra1+ 94. Kf2 Rg1 95. Rb7 Rg2+ 96. Kf3 Rg1 97. Kf2 Rc1 98. Rg7 Rf1+ 99. Kxf1 1/2-1/2

[Event "Srdja Dragasevic Memorial-A 2024"]
[Site "Cetinje"]
[Date "2024.06.26"]
[Round "6.7"]
[White "Willy, Stephen"]
[Black "Mammadov, Zaur"]
[Result "0-1"]
[ECO "C13"]
[WhiteElo "2046"]
[BlackElo "2426"]
[Annotator "RC"]
[PlyCount "80"]
[EventDate "2024.06.23"]
[EventType "swiss"]
[EventCountry "MNE"]
[SourceTitle "playchess.com"]
[Source "ChessBase"]
[SourceQuality "1"]
[TimeControl "40/5400+30:1800+30"]

1. e4 e6 2. d4 d5 3. Nc3 Nf6 4. Bg5 dxe4 5. Nxe4 Be7 6. Bxf6 gxf6 7. Nf3 b6 8. Qd2 Bb7 9. Nc3 c6 10. Qh6 Bb4 11. Bc4 Nd7 12. Qg7 Rf8 13. Qxh7 Bxc3+ 14. bxc3 Qe7 15. a4 O-O-O 16. O-O f5 17. Rfe1 Qd6 18. Ng5 Nf6 19. Qg7 Ng4 20. h3 Qh2+ 21. Kf1 c5 22. hxg4 Qxg2+ 23. Ke2 Qxg4+ 24. f3 Bxf3+ 25. Ke3 Rg8 26. Ba6+ Bb7 27. Bxb7+ Kxb7 28. Qxf7+ Ka8 29. Nf3 Rdf8 30. Qh7 Qe4+ 31. Kf2 Qxc2+ 32. Re2 Rg2+ 33. Kxg2 Qxe2+ 34. Kg1 Qxf3 35. Qg7 Rd8 36. dxc5 Qe3+ 37. Kh1 Qh3+ 38. Kg1 Rd2 39. Qg8+ Kb7 40. c6+ Ka6 0-1

[Event "Srdja Dragasevic Memorial-A 2024"]
[Site "Cetinje"]
[Date "2024.06.26"]
[Round "6.8"]
[White "Guleryuz, Kuzey"]
[Black "Kosic, Dragan"]
[Result "0-1"]
[ECO "B06"]
[WhiteElo "1971"]
[BlackElo "2382"]
[Annotator "RC"]
[PlyCount "80"]
[EventDate "2024.06.23"]
[EventType "swiss"]
[EventCountry "MNE"]
[SourceTitle "playchess.com"]
[Source "ChessBase"]
[SourceQuality "1"]
[TimeControl "40/5400+30:1800+30"]

1. e4 c5 2. c3 d5 3. exd5 Qxd5 4. d4 g6 5. Nf3 Bg7 6. Na3 cxd4 7. Bc4 Qd8 8. cxd4 Nf6 9. Bf4 O-O 10. Nb5 a6 11. Nc3 b5 12. Bb3 Nc6 13. h3 Na5 14. Bc2 Bb7 15. O-O Nc4 16. b3 Na3 17. Bd3 Rc8 18. Rc1 Bxf3 19. Qxf3 Qxd4 20. Ne2 Qd5 21. Bd2 Qxf3 22. gxf3 Rcd8 23. Bb4 Rxd3 24. Bxa3 Rfd8 25. Rc6 Nd5 26. Rxa6 Rd2 27. Re1 Rc8 28. Bc1 Rxe2 29. Rxe2 Rxc1+ 30. Kh2 Bh6 31. a4 Bf4+ 32. Kg2 Bd6 33. Rd2 Nf4+ 34. Kh2 bxa4 35. bxa4 Kg7 36. a5 Ra1 37. h4 Kh6 38. Ra8 Nd3+ 39. Kh3 Ne1 40. a6 Ra3 0-1

[Event "Srdja Dragasevic Memorial-A 2024"]
[Site "Cetinje"]
[Date "2024.06.26"]
[Round "6.9"]
[White "Damljanovic, Branko"]
[Black "Kolmakov, Ivan D."]
[Result "1-0"]
[ECO "E18"]
[WhiteElo "2364"]
[BlackElo "1902"]
[Annotator "RC"]
[PlyCount "69"]
[EventDate "2024.06.23"]
[EventType "swiss"]
[EventCountry "MNE"]
[SourceTitle "playchess.com"]
[Source "ChessBase"]
[SourceQuality "1"]
[TimeControl "40/5400+30:1800+30"]

1. Nf3 e6 2. g3 d5 3. Bg2 b6 4. c4 Bb7 5. cxd5 exd5 6. O-O Nf6 7. Nc3 Be7 8. d4 O-O 9. Bf4 Nbd7 10. Rc1 c6 11. Ne1 Ne8 12. Nd3 Bg5 13. b4 a6 14. a4 Bxf4 15. Nxf4 Nd6 16. b5 cxb5 17. axb5 Nxb5 18. Nxb5 axb5 19. Nxd5 Kh8 20. e3 Nf6 21. Nxf6 Bxg2 22. Kxg2 Qxf6 23. Qf3 Qe7 24. Rc6 Rab8 25. Rb1 b4 26. Rc4 f5 27. Rcxb4 Qe6 28. Rb5 g5 29. Re5 Qg6 30. Rbb5 g4 31. Qd5 Qh6 32. Rxf5 Rxf5 33. Qxf5 Rf8 34. Qe5+ Kg8 35. Qg5+ 1-0

[Event "Srdja Dragasevic Memorial-A 2024"]
[Site "Cetinje"]
[Date "2024.06.26"]
[Round "6.10"]
[White "Skvortsov, Andrei"]
[Black "Abdulkarimli, Eljan"]
[Result "1/2-1/2"]
[ECO "B22"]
[WhiteElo "2331"]
[BlackElo "2124"]
[Annotator "RC"]
[PlyCount "67"]
[EventDate "2024.06.23"]
[EventType "swiss"]
[EventCountry "MNE"]
[SourceTitle "playchess.com"]
[Source "ChessBase"]
[SourceQuality "1"]
[TimeControl "40/5400+30:1800+30"]

1. c4 c6 2. e4 d5 3. cxd5 cxd5 4. e5 Nc6 5. d4 Bf5 6. Bd3 Bxd3 7. Qxd3 Qb6 8. Nf3 Nb4 9. Qe2 Qa6 10. Qxa6 Nxa6 11. Ke2 e6 12. Be3 h6 13. Nc3 Nc7 14. Rac1 Kd7 15. Ne1 Ne7 16. Nd3 Nc6 17. f4 f5 18. Na4 b6 19. Nc3 Be7 20. Rc2 Nb4 21. Nxb4 Bxb4 22. Nd1 Rac8 23. Nf2 Na6 24. Rxc8 Rxc8 25. Kd3 Be7 26. a3 Ke8 27. Nd1 Nb8 28. Nc3 a6 29. Rg1 Kf7 30. h3 Nd7 31. g4 g6 32. a4 Nb8 33. gxf5 gxf5 34. Rg2 1/2-1/2

[Event "Srdja Dragasevic Memorial-A 2024"]
[Site "Cetinje"]
[Date "2024.06.26"]
[Round "6.11"]
[White "Hart, Alexander"]
[Black "Vujovic, Savo"]
[Result "0-1"]
[ECO "A16"]
[WhiteElo "1949"]
[BlackElo "2230"]
[Annotator "RC"]
[PlyCount "138"]
[EventDate "2024.06.23"]
[EventType "swiss"]
[EventCountry "MNE"]
[SourceTitle "playchess.com"]
[Source "ChessBase"]
[SourceQuality "1"]
[TimeControl "40/5400+30:1800+30"]

1. c4 Nf6 2. g3 g6 3. Bg2 Bg7 4. Nc3 O-O 5. e4 d6 6. Nge2 e5 7. b4 Nc6 8. Rb1 Nd4 9. Nxd4 exd4 10. Ne2 d3 11. Nc3 Be6 12. Qb3 c6 13. b5 Nd7 14. Nd1 Nc5 15. Qa3 Bxc4 16. bxc6 bxc6 17. O-O Rb8 18. Bb2 Be6 19. Rc1 Rb5 20. Bxg7 Kxg7 21. e5 Ra5 22. Qc3 Na4 23. Qxd3 dxe5 24. Qe3 Nb6 25. Rxc6 Nc4 26. Qc3 Nxd2 27. Re1 Nb1 28. Qa1 Qd2 29. Rxe5 Kg8 30. Bf3 Rxe5 31. Qxe5 Qxa2 32. Ne3 Nd2 33. Be2 Qb1+ 34. Kg2 Qb7 35. Qc7 Qa8 36. Ba6 Nb3 37. Bb7 Qb8 38. Rc3 Qxc7 39. Rxc7 a5 40. Nd5 Rb8 41. Nf4 Bc4 42. Nd5 Kg7 43. Ne3 Be6 44. Be4 a4 45. Ra7 Nc5 46. Bf3 Rb2 47. Bd5 Bxd5+ 48. Nxd5 Rd2 49. Nc3 Rd4 50. Nb5 Rd2 51. Ra8 Rb2 52. Nc3 Rb4 53. Rc8 Ne4 54. Nxe4 Rxe4 55. h4 h5 56. Ra8 Rb4 57. Ra6 Rc4 58. Ra7 Kf6 59. Ra6+ Ke5 60. Ra5+ Kd4 61. Kf3 Kc3 62. Ke2 Kb3 63. Ra7 a3 64. Kd3 Rb4 65. Kd2 a2 66. Kc1 Rc4+ 67. Kd2 Ra4 68. Rb7+ Ka3 69. Kc2 a1=Q 0-1

[Event "Srdja Dragasevic Memorial-A 2024"]
[Site "Cetinje"]
[Date "2024.06.26"]
[Round "6.12"]
[White "Engin, Onur Cinar"]
[Black "Tomic, Aleksandar"]
[Result "1-0"]
[ECO "B01"]
[WhiteElo "2114"]
[BlackElo "2388"]
[Annotator "RC"]
[PlyCount "51"]
[EventDate "2024.06.23"]
[EventType "swiss"]
[EventCountry "MNE"]
[SourceTitle "playchess.com"]
[Source "ChessBase"]
[SourceQuality "1"]
[TimeControl "40/5400+30:1800+30"]

1. e4 d5 2. exd5 Nf6 3. Nf3 Qxd5 4. Be2 Bg4 5. h3 Bh5 6. Nc3 Qd8 7. O-O e6 8. Ne5 Bxe2 9. Qxe2 c6 10. Re1 Be7 11. d4 O-O 12. Qd3 Nbd7 13. Qg3 Kh8 14. Bg5 Nh5 15. Qh4 Bxg5 16. Qxh5 g6 17. Qf3 Nxe5 18. dxe5 Qc7 19. Rad1 Be7 20. Ne4 Qxe5 21. Rd7 Bc5 22. Rxb7 f5 23. Qd1 Rad8 24. Qc1 fxe4 25. Qh6 Bxf2+ 26. Kh1 1-0

[Event "Srdja Dragasevic Memorial-A 2024"]
[Site "Cetinje"]
[Date "2024.06.26"]
[Round "6.13"]
[White "Arora Honi"]
[Black "Alimpic, Aleksa"]
[Result "0-1"]
[ECO "B12"]
[WhiteElo "2082"]
[BlackElo "2281"]
[Annotator "RC"]
[PlyCount "92"]
[EventDate "2024.06.23"]
[EventType "swiss"]
[EventCountry "MNE"]
[SourceTitle "playchess.com"]
[Source "ChessBase"]
[SourceQuality "1"]
[TimeControl "40/5400+30:1800+30"]

1. e4 c6 2. d4 d5 3. e5 Bf5 4. h4 h5 5. Bd3 Bxd3 6. Qxd3 Qa5+ 7. b4 Qxb4+ 8. Nd2 e6 9. Rb1 Qe7 10. c4 Nh6 11. Ne2 Nf5 12. Ng3 Nxh4 13. Qc2 Ng6 14. cxd5 cxd5 15. Qc8+ Qd8 16. Qxd8+ Kxd8 17. Rxb7 h4 18. Ne2 Nd7 19. Nb3 a5 20. a4 Bb4+ 21. Bd2 Ne7 22. g3 Nc6 23. gxh4 Kc8 24. Rb5 Na7 25. Rxa5 Bxa5 26. Nxa5 Nb8 27. Nb3 Nac6 28. Nc3 Nd7 29. Be3 Na5 30. Nxa5 Rxa5 31. Ke2 Nb6 32. Kf3 Kd7 33. Rb1 Kc6 34. Nb5 Rxa4 35. Nd6 Nc4 36. Nb7 Rb8 37. Na5+ Kc7 38. Rxb8 Kxb8 39. Nb3 Nxe3 40. fxe3 Kc7 41. Kf4 Ra3 42. Nc5 Rc3 43. Kf3 Kc6 44. Na4 Rc2 45. Kf4 Kb5 46. Nc5 Rxc5 0-1

[Event "Srdja Dragasevic Memorial-A 2024"]
[Site "Cetinje"]
[Date "2024.06.26"]
[Round "6.14"]
[White "Skvortsova, Alena"]
[Black "Ivanovic, Bozidar"]
[Result "1/2-1/2"]
[ECO "B80"]
[WhiteElo "2170"]
[BlackElo "2371"]
[Annotator "RC"]
[PlyCount "112"]
[EventDate "2024.06.23"]
[EventType "swiss"]
[EventCountry "MNE"]
[SourceTitle "playchess.com"]
[Source "ChessBase"]
[SourceQuality "1"]
[TimeControl "40/5400+30:1800+30"]

1. e4 c5 2. Nf3 e6 3. d4 cxd4 4. Nxd4 Nf6 5. Nc3 d6 6. Be3 a6 7. f3 b5 8. Qd2 Nbd7 9. g4 h6 10. O-O-O Bb7 11. h4 Qa5 12. Kb1 b4 13. Nce2 d5 14. Nf4 dxe4 15. Ndxe6 fxe6 16. Nxe6 Bd5 17. Qxd5 Nxd5 18. Rxd5 Qxd5 19. Nc7+ Kf7 20. Nxd5 Bc5 21. Bxc5 Nxc5 22. Nxb4 Rhe8 23. fxe4 a5 24. Bc4+ Kg6 25. Nd3 Nxe4 26. Nf4+ Kh7 27. Bd3 Kg8 28. Kc1 Rac8 29. Rf1 Ng3 30. Rg1 g5 31. hxg5 hxg5 32. Rxg3 gxf4 33. Rf3 Re3 34. Rxe3 fxe3 35. Kd1 Kg7 36. Ke2 Re8 37. g5 Re5 38. g6 Kf6 39. a3 Re7 40. b4 axb4 41. axb4 Kg5 42. g7 Rxg7 43. Kxe3 Kf6 44. Kd4 Rg5 45. c4 Ke6 46. c5 Rd5+ 47. Kc4 Ke5 48. Bh7 Rd7 49. Bg6 Rg7 50. Bh5 Rh7 51. Bf3 Rh3 52. Bc6 Rh4+ 53. Kb5 Kd4 54. Ka5 Rh5 55. Be8 Rxc5+ 56. bxc5 Kxc5 1/2-1/2

[Event "Srdja Dragasevic Memorial-A 2024"]
[Site "Cetinje"]
[Date "2024.06.26"]
[Round "6.15"]
[White "Atakisi, Umut"]
[Black "Pogorelskikh, Sergey"]
[Result "1-0"]
[ECO "E62"]
[WhiteElo "2335"]
[BlackElo "2196"]
[Annotator "RC"]
[PlyCount "137"]
[EventDate "2024.06.23"]
[EventType "swiss"]
[EventCountry "MNE"]
[SourceTitle "playchess.com"]
[Source "ChessBase"]
[SourceQuality "1"]
[TimeControl "40/5400+30:1800+30"]

1. c4 g6 2. g3 Bg7 3. Bg2 Nf6 4. Nc3 d6 5. d4 O-O 6. h3 e5 7. Nf3 Nc6 8. Be3 Bd7 9. O-O a5 10. b3 Re8 11. dxe5 dxe5 12. Ng5 Qc8 13. Nd5 Nd4 14. Bxd4 exd4 15. Qxd4 Ra6 16. Rad1 Rd6 17. Qc5 h6 18. Nf3 Nxd5 19. cxd5 Rxe2 20. a4 b6 21. Qc4 Re7 22. Rfe1 Rxe1+ 23. Rxe1 Bxh3 24. Bxh3 Qxh3 25. Qxc7 Qd7 26. Qxd7 Rxd7 27. Rd1 f5 28. Rd3 Kf7 29. Nd2 Rb7 30. Nc4 Rb8 31. Kg2 g5 32. Nd6+ Kg6 33. Re3 f4 34. Re6+ Kh7 35. Nf5 Bf8 36. d6 fxg3 37. fxg3 g4 38. d7 Rd8 39. Re8 Rxd7 40. Rxf8 Rd2+ 41. Kf1 Rd3 42. Rf6 Rxb3 43. Rxh6+ Kg8 44. Rg6+ Kf7 45. Rxg4 Rf3+ 46. Ke2 Rxf5 47. Rf4 Rxf4 48. gxf4 Ke6 49. Kd3 Kd5 50. Ke3 Kc5 51. f5 Kd5 52. Kf4 b5 53. f6 Ke6 54. axb5 a4 55. b6 a3 56. b7 a2 57. b8=Q a1=Q 58. Qe8+ Kd6 59. Qe7+ Kd5 60. Qd7+ Kc5 61. Qe7+ Kd5 62. Qd7+ Kc5 63. f7 Qf1+ 64. Kg5 Qc1+ 65. Kg6 Qg1+ 66. Kf6 Qa1+ 67. Ke7 Qe5+ 68. Qe6 Qg5+ 69. Kd7 1-0

[Event "Srdja Dragasevic Memorial-A 2024"]
[Site "Cetinje"]
[Date "2024.06.26"]
[Round "6.16"]
[White "Slugin, Alexander"]
[Black "Vujosevic, Vladimir"]
[Result "0-1"]
[ECO "E04"]
[WhiteElo "2157"]
[BlackElo "2306"]
[Annotator "RC"]
[PlyCount "116"]
[EventDate "2024.06.23"]
[EventType "swiss"]
[EventCountry "MNE"]
[SourceTitle "playchess.com"]
[Source "ChessBase"]
[SourceQuality "1"]
[TimeControl "40/5400+30:1800+30"]

1. d4 Nf6 2. Nf3 d5 3. c4 e6 4. g3 dxc4 5. Bg2 a6 6. Ne5 c5 7. Be3 Nd5 8. Nc3 Nxe3 9. fxe3 Be7 10. O-O O-O 11. Nxc4 Nd7 12. Qd3 Rb8 13. a4 Qc7 14. d5 Bf6 15. d6 Qd8 16. Ne4 b6 17. Rf4 Bb7 18. Raf1 Be5 19. Rh4 f5 20. Nc3 Bxg2 21. Kxg2 Bf6 22. Rhf4 b5 23. axb5 axb5 24. Nd2 Ne5 25. Qc2 Qxd6 26. e4 Bg5 27. exf5 Bxf4 28. Rxf4 exf5 29. Rxf5 Ng4 30. Nf1 Qc6+ 31. Kg1 Qe6 32. Rf3 b4 33. Ne4 Qd5 34. h3 Ne5 35. Rf4 Rxf4 36. gxf4 Nd7 37. b3 Rb6 38. Kf2 Nf6 39. Nfd2 Re6 40. Ng5 Qd4+ 41. Kf1 Qxf4+ 42. Ndf3 Re5 43. h4 h6 44. Nh3 Qe4 45. Qa2 Re8 46. Nf2 Qe3 47. Qc2 Nh5 48. Nd3 Ng3+ 49. Kg2 Nxe2 50. Qc4+ Kh8 51. Qf7 Nd4 52. Nxd4 cxd4 53. Nf4 Qd2+ 54. Kg3 Re3+ 55. Kg4 Qd1+ 56. Kf5 Qc2+ 57. Kg4 Qc8+ 58. Kh5 Re5+ 0-1

[Event "Srdja Dragasevic Memorial-A 2024"]
[Site "Cetinje"]
[Date "2024.06.26"]
[Round "6.18"]
[White "Nikolic, Nebojsa"]
[Black "Koljevic, Nikolina"]
[Result "1-0"]
[ECO "A06"]
[WhiteElo "2268"]
[BlackElo "2010"]
[Annotator "RC"]
[PlyCount "47"]
[EventDate "2024.06.23"]
[EventType "swiss"]
[EventCountry "MNE"]
[SourceTitle "playchess.com"]
[Source "ChessBase"]
[SourceQuality "1"]
[TimeControl "40/5400+30:1800+30"]

1. Nf3 Nf6 2. b3 d5 3. Bb2 e6 4. e3 Bd6 5. g4 h6 6. Rg1 Nbd7 7. h4 e5 8. g5 hxg5 9. hxg5 Nh5 10. Be2 g6 11. c4 dxc4 12. Bxc4 Qe7 13. Nc3 c6 14. Ne4 Ba3 15. Qc1 Bxb2 16. Qxb2 b5 17. Bf1 Qb4 18. Rg4 Nf4 19. Rxf4 exf4 20. Qxh8+ Ke7 21. Nf6 Bb7 22. Qh4 c5 23. Nxd7 Bxf3 24. Ne5 1-0